Map: Galactic Process LE

Players

HeroMarine

  • Race: Terran Terran

TRUE - Winner!

  • Race: Zerg Zerg

Event: 2016 WCS Summer Circuit Championship (DH Montreal)

VOD

https://www.youtube.com/watch?v=o8b364dalDA

Description

Time

  • Played on: Aug. 14, 2016, 12:32 p.m.
  • Length: 12:23

All games in this series

Show
View Real Time Build Order
Export as new Build Order

HeroMarine Terran 

Build Orders: Reaper Expand, MMM Bio 

Get SALT Encoding   

  12  0:00  SCV  
  13  0:12  SCV  
  14  0:18  Supply Depot  
  14  0:25  SCV  
  15  0:40  SCV  
  15  0:42  Barracks  
  16  0:44  Refinery  
  16  0:52  SCV  
  17  1:04  SCV  
  18  1:16  SCV  
  19  1:29  Reaper, Orbital Command  
  20  1:41  Command Center  
  20  1:52  Barracks  
  20  1:56  SCV  
  21  2:01  Barracks Reactor  
  21  2:08  SCV  
  21  2:09  Supply Depot  
  22  2:20  SCV  
  23  2:23  Factory  
  23  2:32  SCV  
  23  2:35  Refinery  
  24  2:38  Marine x2  
  24  2:39  Barracks Tech Lab  
  26  2:45  SCV  
  27  2:54  Orbital Command  
  27  2:57  SCV  
  27  2:58  Marine x2  
  29  2:59  Marine  
  29  3:04  Stimpack  
  31  3:09  SCV  
  32  3:16  Marine x2  
  32  3:17  Marine  
  35  3:21  SCV x2  
  37  3:28  Starport  
  37  3:31  Factory Reactor  
  37  3:34  SCV x2  
  37  3:40  Supply Depot  
  37  3:41  Marine  
  39  3:42  Marine  
  39  3:43  Marine  
  39  3:48  SCV x2  
  44  3:59  Marine  
  44  4:00  SCV  
  44  4:01  Marine x2  
  44  4:02  Supply Depot, SCV  
  49  4:14  SCV  
  49  4:15  Medivac  
  49  4:16  Medivac  
  54  4:18  Supply Depot  
  54  4:23  Marine x3  
  54  4:24  SCV  
  58  4:26  SCV  
  59  4:35  Refinery  
  59  4:36  Engineering Bay, SCV  
  59  4:38  SCV  
  61  4:39  Engineering Bay  
  61  4:40  Widow Mine  
  61  4:41  Marine x3  
  66  4:54  Medivac  
  66  4:58  Supply Depot  
  66  4:59  Marine x2  
  70  5:09  Combat Shields  
  70  5:14  Terran Infantry Weapons Level 1  
  70  5:16  Command Center  
  70  5:17  Terran Infantry Armor Level 1  
  70  5:20  Marine x3  
  73  5:21  Supply Depot  
  73  5:26  Factory Reactor  
  73  5:29  Barracks  
  73  5:38  Marine x3  
  66  5:51  Medivac, Barracks x2  
  66  5:52  Medivac  
  66  5:55  Marine x3, SCV  
  66  5:56  SCV  
  75  6:07  SCV  
  75  6:08  SCV  
  77  6:13  Marine x3  
  80  6:19  SCV  
  80  6:20  SCV  
  80  6:21  Refinery  
  80  6:23  Factory Reactor  
  73  6:28  Armory  
  73  6:31  Marine x3  
  75  6:34  SCV  
  75  6:35  SCV  
  75  6:39  Barracks Reactor x2  
  76  6:42  Orbital Command  
  76  6:43  Marine  
  76  6:44  Liberator x2  
  77  6:49  Marine x3  
  77  6:50  Marine  
  77  6:52  SCV  
  77  6:53  SCV  
  81  7:01  Marine  
  82  7:07  Marine x2  
  90  7:10  Orbital Command  
  90  7:12  SCV  
  92  7:15  SCV  
  92  7:24  Supply Depot, SCV  
  92  7:25  Supply Depot  
  92  7:27  Terran Infantry Weapons Level 2, Terran Infantry Armor Level 2, SCV  
  94  7:34  Marine x2  
  94  7:35  Supply Depot  
  94  7:36  SCV  
  97  7:37  SCV  
  97  7:40  SCV  
  97  7:42  Bunker, Marauder  
  97  7:43  Supply Depot  
  101  7:46  Marine x3  
  101  7:48  SCV  
  101  7:50  SCV  
  106  7:52  SCV  
  107  7:58  Marine x2  
  107  7:59  Medivac x2  
  107  8:00  SCV  
  107  8:02  Marine x2, SCV  
  107  8:03  Marauder  
  107  8:04  SCV  
  120  8:10  Marine x2  
  120  8:12  Supply Depot  
  122  8:16  Supply Depot  
  122  8:17  Barracks  
  122  8:21  Barracks x2, Marine x2  
  122  8:23  Marine x2  
  122  8:25  Marauder  
  122  8:26  Widow Mine x2  
  128  8:33  Medivac x2  
  136  8:34  Supply Depot  
  136  8:38  Supply Depot  
  136  8:39  Refinery  
  136  8:40  Supply Depot  
  136  8:46  Marauder  
  138  8:51  Marine  
  138  8:52  Marine x3  
  141  8:59  Marine x3  
  139  9:06  Marine  
  139  9:07  Marauder  
  140  9:10  Barracks Tech Lab, Marine  
  140  9:11  Barracks Tech Lab  
  140  9:13  Barracks Tech Lab  
  132  9:26  Marine x3  
  132  9:27  Marine x3  
  132  9:29  Marauder  
  132  9:30  Marauder  
  140  9:32  Marauder  
  140  9:34  Marauder  
  140  9:37  Marine x2  
  143  9:44  Marine x2  
  143  9:45  SCV x3  
  145  9:50  Marauder  
  145  9:52  Marauder  
  140  9:53  Marauder  
  140  9:55  Marauder  
  140  9:56  Marine  
  140  9:57  Marine x2, SCV  
  140  9:59  SCV  
  136  10:03  Medivac x2  
  136  10:05  Marine  
  136  10:08  Marine x2  
  136  10:12  Marine x2, Marauder  
  141  10:15  Widow Mine  
  141  10:16  Liberator x2  
  141  10:20  Widow Mine  
  145  10:22  Supply Depot  
  145  10:23  Concussive Shells  
  145  10:27  Bunker, Sensor Tower  
  145  10:28  Marauder x2  
  149  10:33  Marauder  
  149  10:35  SCV  
  140  10:36  SCV x2  
  140  10:37  Marine x2  
  140  10:38  Marine x2  
  140  10:40  Marine x2  
  140  10:42  Marauder  
  144  10:43  Widow Mine  
  144  10:44  Marine  
  144  10:46  Marine  
  144  10:47  SCV  
  149  10:50  Marine  
  149  10:52  Marauder  
  149  10:54  Marine  
  149  10:56  Supply Depot  
  149  11:09  Marine  
  141  11:13  Marine x3  
  141  11:14  Marauder  
  141  11:15  Marauder x3  
  141  11:16  Liberator, Marine x2  
  139  11:20  Medivac  
  141  11:26  Marine x2  
  141  11:30  Marine  
  144  11:35  Marauder  
  149  11:47  Marine  
  149  11:48  Marine  
  149  11:49  Marine  
  149  11:50  Marine  
  149  11:52  Marauder  
  148  11:57  Marauder  
  148  12:00  SCV x2, Marauder  
  130  12:02  Marine x2  
Show
View Real Time Build Order
Export as new Build Order

TRUE Zerg - Winner!

Build Orders: Hatch First 

Get SALT Encoding   

  12  0:00  Drone  
  13  0:12  Overlord  
  13  0:16  Drone  
  14  0:30  Drone x2  
  14  0:34  Drone  
  17  0:52  Hatchery  
  17  0:55  Drone  
  17  1:10  Spawning Pool, Extractor  
  15  1:13  Drone  
  15  1:16  Drone  
  17  1:21  Drone  
  18  1:28  Drone  
  19  1:38  Overlord  
  19  1:56  Queen  
  19  1:58  Zergling x2  
  19  2:00  Zergling x2  
  23  2:04  Queen, Zergling x2  
  26  2:10  Metabolic Boost  
  26  2:12  Drone  
  26  2:15  Drone  
  28  2:24  Drone  
  28  2:26  Drone  
  30  2:31  Drone  
  30  2:35  Queen  
  33  2:41  Overlord  
  33  2:48  Pneumatized Carapace  
  33  2:50  Drone  
  34  2:53  Drone  
  34  2:55  Drone  
  36  3:00  Drone  
  36  3:04  Drone  
  38  3:13  Overlord  
  38  3:14  Drone x3  
  38  3:15  Drone  
  38  3:18  Drone  
  43  3:20  Drone  
  44  3:37  Hatchery  
  44  3:38  Drone x2  
  45  3:42  Evolution Chamber  
  45  3:43  Evolution Chamber  
  45  3:44  Drone  
  45  3:45  Drone  
  45  3:52  Queen  
  45  3:54  Overlord  
  47  3:59  Queen  
  49  4:04  Overlord  
  49  4:07  Zerg Ground Armor Level 1  
  49  4:12  Drone  
  49  4:16  Drone x3  
  49  4:17  Drone x2  
  54  4:20  Drone  
  54  4:22  Zerg Melee Weapons Level 1  
  56  4:26  Zergling x4  
  56  4:27  Zergling x2  
  56  4:29  Zergling x2  
  60  4:36  Queen  
  60  4:38  Queen  
  64  4:49  Queen  
  66  4:53  Overlord  
  66  4:54  Zergling x8  
  66  4:55  Zergling x4  
  66  4:56  Zergling x2  
  66  4:58  Zergling x2  
  74  5:04  Overlord  
  74  5:07  Overlord  
  74  5:21  Queen x2  
  75  5:45  Drone  
  75  5:46  Drone x13  
  75  5:47  Lair  
  89  5:51  Overlord  
  89  5:53  Overlord  
  89  5:56  Overlord  
  89  5:57  Extractor  
  89  5:58  Zergling x2  
  89  5:59  Extractor  
  89  6:01  Overlord  
  88  6:06  Spore Crawler  
  88  6:09  Overlord  
  88  6:10  Zergling x14  
  92  6:24  Zergling x2  
  92  6:25  Zergling x12  
  97  6:31  Zergling x2  
  94  6:34  Zergling x2  
  94  6:36  Zergling x2  
  95  6:41  Zergling x2  
  95  6:43  Zergling x4  
  95  6:47  Zergling x2  
  99  6:52  Baneling Nest  
  98  6:55  Drone x3  
  98  6:56  Drone x2  
  98  6:58  Drone  
  98  7:00  Drone x2  
  107  7:01  Drone  
  107  7:03  Overseer  
  107  7:05  Drone  
  108  7:09  Drone x3  
  108  7:11  Drone x2  
  108  7:12  Drone  
  114  7:21  Overlord  
  114  7:23  Overlord  
  114  7:26  Overlord  
  114  7:27  Extractor  
  113  7:32  Overlord  
  113  7:35  Centrifical Hooks  
  113  7:37  Hatchery  
  110  7:38  Zerg Ground Armor Level 2  
  110  7:41  Zerg Melee Weapons Level 2  
  110  7:48  Zergling x2  
  110  7:49  Zergling x10  
  110  7:50  Zergling x2  
  117  7:54  Baneling x9  
  116  7:59  Zergling x6  
  116  8:01  Zergling x4  
  116  8:02  Zergling x4  
  116  8:03  Zergling x2  
  116  8:04  Zergling x2  
  125  8:06  Zergling x4  
  125  8:10  Zergling x4  
  129  8:20  Zergling x2  
  129  8:24  Zergling x14  
  137  8:30  Baneling x5  
  137  8:31  Overlord  
  137  8:34  Overlord  
  137  8:36  Overlord  
  137  8:40  Overlord  
  137  8:42  Overlord  
  137  8:44  Overlord  
  137  8:46  Overlord  
  137  8:52  Zergling x2  
  137  8:53  Zergling x16  
  146  8:57  Zergling x2  
  146  8:59  Zergling x2  
  146  9:00  Zergling x4  
  146  9:02  Zergling x2  
  146  9:03  Zergling x2  
  146  9:06  Zergling x2  
  144  9:10  Zergling x4  
  144  9:13  Zergling x2  
  144  9:14  Zergling x2  
  144  9:15  Zergling x2  
  144  9:16  Zergling x2  
  142  9:17  Zergling x2  
  142  9:18  Zergling x4  
  142  9:21  Zergling x2  
  142  9:23  Zergling x4  
  144  9:27  Zergling x2  
  144  9:29  Zergling x4  
  146  9:32  Zergling x2  
  146  9:33  Zergling x2  
  146  9:35  Zergling x2  
  146  9:37  Zergling x2  
  146  9:38  Zergling x2  
  135  9:57  Zergling x8  
  135  9:59  Zergling x4  
  123  10:04  Drone x3  
  123  10:05  Zergling x10  
  123  10:06  Baneling x8  
  125  10:10  Baneling x10  
  125  10:11  Zergling x4  
  125  10:13  Zergling x2  
  128  10:15  Baneling x5  
  128  10:16  Baneling x5  
  128  10:17  Zergling x2  
  128  10:18  Zergling x2  
  128  10:19  Zergling x4  
  128  10:21  Zergling x4  
  134  10:23  Zergling x2  
  134  10:24  Zergling x2  
  134  10:25  Zergling x4  
  134  10:27  Zergling x2  
  139  10:31  Zergling x2  
  139  10:32  Zergling x2  
  139  10:40  Zergling x4  
  138  10:43  Zergling x4  
  138  10:47  Zergling x2  
  138  10:49  Zergling x4  
  140  10:50  Zergling x2  
  140  10:52  Zergling x4  
  140  10:53  Zergling x2  
  140  10:54  Zergling x2  
  140  10:55  Zergling x2  
  144  10:57  Zergling x4  
  144  11:01  Baneling  
  144  11:02  Baneling x16  
  147  11:04  Zergling x2  
  147  11:06  Zergling x6  
  147  11:07  Zergling x4  
  147  11:08  Zergling x2  
  147  11:09  Hatchery  
  147  11:10  Zergling x4  
  135  11:13  Zergling x2  
  135  11:15  Zergling x4  
  135  11:16  Zergling x4  
  135  11:18  Hatchery, Zergling x4  
  136  11:21  Zergling x2  
  136  11:25  Zergling x2  
  138  11:26  Zergling x2  
  138  11:27  Zergling x4  
  138  11:30  Zergling x4  
  138  11:32  Zergling x2  
  144  11:33  Zergling x6  
  144  11:35  Baneling x4  
  144  11:36  Baneling x6, Zergling x2  
  144  11:37  Zergling x4  
  149  11:41  Baneling x7  
  149  11:42  Baneling x2  
  149  11:43  Baneling  
  149  11:45  Zergling x12  
  149  11:47  Zergling x2  
  156  11:50  Zergling x2  
  156  11:51  Baneling  
  156  11:52  Baneling x4, Zergling x2  
  156  11:53  Zergling x2  
  144  11:55  Zergling x2  
  144  11:56  Zergling x2  
  144  12:00  Zergling x2  
  140  12:02  Zergling x2  
  140  12:05  Zergling x2  
Tags
 
Add a new tag
Caveats
  • Supply blocks, unpowered buildings, or Contaminate may cause inaccurate times.
  • Supply counts are checked every 10 seconds.